 Dungeon Crawl Stone Soup version 0.27-a0-364-g31b3477d74 (webtiles) character file.

Game seed: 3844918310121110055

25123 kae the Grappler (level 12, -9/104 HPs)
             Began as a Red Draconian Transmuter on Feb 15, 2021.
             Was an Initiate of Ru.
             Mangled by a two-headed ogre
             ... wielding a +0 giant club
              (20 damage)
             ... on level 12 of the Dungeon on Feb 16, 2021.
             The game lasted 00:19:29 (21717 turns).

kae the Grappler (Red Draconian Transmuter)        Turns: 21717, Time: 00:19:30

Health: -9/104     AC: 12    Str: 18    XL:     12   Next: 86%
Magic:  23/23      EV: 18    Int: 13    God:    Ru [......]
Gold:   684        SH:  0    Dex: 18    Spells: 13/26 levels left

rFire    + + .     SeeInvis +     - Unarmed
rCold    . . .     Faith    .   (shield currently unavailable)
rNeg     . . .     Spirit   .   (armour unavailable)
rPois    +         Reflect  .   t - +2 hat
rElec    .         Harm     .   x - +1 cloak {rPois}
rCorr    .         Rampage  .   (gloves currently unavailable)
Will     .....                  (no boots)
Stlth    ..........             z - amulet of magic regeneration
HPRegen  0.27/turn              w - +6 ring of dexterity
MPRegen  0.43/turn              r - ring "Nots" {*Drain +Fly rF+ SInv}

@: blade hands (expiring)
A: breathe fire, unfitting armour, fire resistance 1, cold-blooded, no stealth,
AC +8
a: Breathe Fire, End Transformation, Renounce Religion, Evoke Flight


You were on level 12 of the Dungeon.
You worshipped Ru.
Ru was noncommittal.
You had blades for hands.
You visited 2 branches of the dungeon, and saw 14 of its levels.
You also visited: Ice Cave.

You collected 684 gold pieces.

Inventory:

Armour
 c - a +0 cloak
 f - a +0 pair of gloves (melded)
 t - a +2 hat (worn)
 x - a +1 cloak of poison resistance (worn)
Jewellery
 h - a ring of magical power
 j - a +6 ring of intelligence
 r - the ring "Nots" (right scythe-like blade) {*Drain +Fly rF+ SInv}
   (You found it on level 5 of the Dungeon)

   [ring of flight]

   It protects you from fire.
   It lets you see invisible.
   It lets you fly.
   It causes draining when unequipped.
 w - a +6 ring of dexterity (left scythe-like blade)
 y - a ring of wizardry
 z - an amulet of magic regeneration (around neck)
 A - the brooch of Shielding {Spirit SH+8}
   (You found it in an ice cave)

   [amulet of guardian spirit]

   It causes incoming damage to be split between your health and magic.
   It affects your SH (+8).
 C - the ring of Xumus {rC++ rN+ MP+9 Dex+3 Slay-4}
   (You found it on level 10 of the Dungeon)

   [ring of magical power]

   It affects your dexterity (+3).
   It affects your accuracy and damage with ranged weapons and melee attacks
   (-4).
   It greatly protects you from cold.
   It protects you from negative energy.
   It affects your magic capacity (+9).
Wands
 n - a wand of charming (6)
 p - a wand of acid (2)
 D - a wand of digging (6)
Scrolls
 i - 4 scrolls of amnesia
 l - 7 scrolls of teleportation
 u - 3 scrolls of fog
 E - a scroll of identify
Potions
 a - 3 potions of berserk rage
 b - 3 potions of flight
 d - 3 potions of curing
 e - 3 potions of brilliance
 g - 4 potions of attraction
 k - 2 potions of might
 m - 4 potions of heal wounds
 o - a potion of resistance
 q - a potion of invisibility
 s - a potion of magic
 v - a potion of mutation
 B - 2 potions of haste


   Skills:
 + Level 9.0 Fighting
 + Level 7.7 Dodging
 * Level 11.7 Unarmed Combat
 + Level 7.6 Spellcasting
 * Level 11.4 Transmutations
 - Level 4.0 Ice Magic
 - Level 2.0 Poison Magic


You had 13 spell levels left.
You knew the following spells:

 Your Spells              Type           Power        Failure   Level
a - Beastly Appendage     Tmut           68%          8%          1
b - Spider Form           Tmut/Pois      11%          24%         3
c - Ice Form              Ice/Tmut       25%          36%         4
d - Blade Hands           Tmut           17%          28%         5

Your spell library contained the following spells:

 Spells                   Type           Power        Failure   Level
 Wereblood                Tmut           34%          9%          2


Dungeon Overview and Level Annotations

Branches:
Dungeon (13/15)            Temple (1/1) D:4            Lair (0/6) D:10
    Orc (0/2) D:10         Vaults (0/5) D:13          IceCv (visited)

Altars:
Ashenzari
Cheibriados
Dithmenos
Elyvilon
Fedhas
Gozag
Hepliaklqana
Kikubaaqudgha
Makhleb
Nemelex Xobeh
Okawaru
Qazlal
Ru
Sif Muna
Trog
Uskayaw
Vehumet
Wu Jian
Xom
Yredelemnul
Zin
The Shining One

Shops:
D:6 [

Annotations:
D:13 2 runed translucent doors, Huifron's ghost, journeyman GnTm


Innate Abilities, Weirdness & Mutations

You can breathe blasts of fire.
Your fiery red scales are hard. (AC +8)
You cannot fit into any form of body armour.
Your flesh is heat resistant. (rF+)
You are cold-blooded and may be slowed by cold attacks.
You cannot be stealthy.


Message History

The centaur warrior zombie misses you.
You hit the centaur warrior zombie.
The centaur warrior zombie is severely damaged.
The centaur warrior zombie closely misses you.
You hit the centaur warrior zombie.
The centaur warrior zombie is severely damaged.
The boulder beetle leaps!
The centaur warrior zombie closely misses you.
You slash the centaur warrior zombie!
Your tail-slap misses the centaur warrior zombie.
The centaur warrior zombie is almost destroyed.
The two-headed ogre is engulfed in blazing flames.
The two-headed ogre completely misses you. x2
The centaur warrior zombie completely misses you.
You slice the centaur warrior zombie!!
You destroy the centaur warrior zombie!
The boulder beetle curls into a ball and begins rolling!
The two-headed ogre is engulfed in blazing flames.
The two-headed ogre hits you with a +0 giant club!!
* * * LOW HITPOINT WARNING * * *
The two-headed ogre hits you but does no damage.
You slash the bullfrog zombie! You tail-slap the bullfrog zombie.
The bullfrog zombie is severely damaged.
The bullfrog zombie barely misses you.
The bullfrog zombie hits you but does no damage.
The boulder beetle stops rolling and uncurls.
Found a scroll of identify.
You have got your breath back.
The bullfrog zombie hits you.
* * * LOW HITPOINT WARNING * * *
The boulder beetle curls into a ball and begins rolling!
The orc wizard points at you and mumbles some strange words.
You easily resist.
The orc wizard gestures at you while chanting.
You easily resist.
Your transformation is almost over.
The two-headed ogre hits you with a +0 giant club!
* * * LOW HITPOINT WARNING * * *
The two-headed ogre hits you with a +0 giant club!!
You die...

. .... #. #..##
#. #...#
#.###.#######...#
...........†)>..#
.........o###...#
####.#.#.###...#
#............o#.#
#.###.#.#.##o@#.#
#......ZOB#.#
#.#.##.#○## #
#.#.##○#°## #
#.##.°..#
..#...#......
###..........
#....?#.#.#
#.##..#.# #


You could see a boulder beetle, a two-headed ogre, an orc warrior, an orc wizard
(invisible) and a bullfrog zombie.

Vanquished Creatures
  Snorg (D:10)
  8 vault guards (D:13)
  A centaur warrior (D:13)
  2 two-headed ogres
  An unseen horror (D:10)
  4 skeletal warriors (D:13)
  A deep elf pyromancer (D:13)
  An oklob plant (D:10)
  3 ugly things
  2 centaur zombies
  A cyclops (D:13)
  3 ice statues (IceCv)
  Joseph (D:7)
  Prince Ribbit (D:8)
  A hornet (D:9)
  A meliai zombie (D:13)
  A shadow (D:13)
  A wyvern (D:9)
  8 yaks (D:13)
  Grum (D:10)
  A steam dragon (D:10)
  Edmund (D:6)
  2 water moccasins
  Duvessa (D:6)
  3 sky beasts
  4 orc warriors
  2 necrophages
  A black bear (D:8)
  10 ice beasts
  3 ogres
  9 centaurs
  2 wolves (D:10)
  2 phantoms
  A kobold brigand (D:13)
  12 bullfrogs
  A water moccasin skeleton (D:6)
  3 scorpions
  Dowan (D:6)
  7 killer bees
  2 howler monkeys (D:10)
  3 wights (D:6)
  3 electric eels (D:9)
  A bullfrog zombie (D:7)
  8 hounds
  4 centaur skeletons
  3 jellies
  2 bullfrog skeletons (D:7)
  7 orc priests
  A gnoll shaman (D:6)
  Jessica (D:6)
  3 iguanas
  10 orc wizards
  2 worker ants
  A hound skeleton (D:5)
  11 gnolls
  12 adders
  3 shadow imps
  18 white imps
  2 ufetubi
  2 adder zombies
  2 adder skeletons
  2 worms (D:2)
  2 dart slugs
  3 leopard geckos
  55 orcs
  5 bats
  2 giant cockroaches
  2 gnoll zombies (D:7)
  7 hobgoblins
  3 jackals (D:7)
  18 kobolds
  5 quokkas
  A ball python (D:2)
  10 frilled lizards
  10 goblins
  5 rats
340 creatures vanquished.

Vanquished Creatures (others)
  33 plants
33 creatures vanquished.

Grand Total: 373 creatures vanquished

Notes
Turn   | Place    | Note
-------+----------+-------------------------------------------
     0 | D:1      | kae the Draconian Transmuter began the quest for the Orb.
     0 | D:1      | Reached XP level 1. HP: 16/16 MP: 3/3
   225 | D:1      | Reached XP level 2. HP: 11/23 MP: 3/5
  1606 | D:2      | Reached XP level 3. HP: 29/29 MP: 4/6
  1630 | D:2      | Learned a level 3 spell: Spider Form
  2526 | D:2      | Reached XP level 4. HP: 27/36 MP: 2/7
  3036 | D:2      | Found a hide-covered altar of Uskayaw.
  3036 | D:2      | Found a snail-covered altar of Cheibriados.
  3103 | D:2      | Reached skill level 1 in Poison Magic
  3249 | D:2      | Found a faded altar of an unknown god.
  3459 | D:2      | Reached XP level 5. HP: 31/41 MP: 4/8
  4303 | D:3      | Found an iron altar of Okawaru.
  4569 | D:4      | Reached XP level 6. HP: 14/50 MP: 10/10
  4811 | D:4      | Found a staircase to the Ecumenical Temple.
  4857 | D:4      | Learned a level 4 spell: Ice Form
  5224 | Temple   | Entered the Ecumenical Temple
  5570 | D:4      | Found an opulent altar of Gozag.
  5996 | D:5      | Entered Level 5 of the Dungeon
  6032 | D:4      | Your scales start taking on a fiery red colour.
  6032 | D:4      | Reached XP level 7. HP: 31/57 MP: 11/11
  6032 | D:4      | Gained mutation: Your flesh is heat resistant. (rF+) [Red
                  | Draconian growth]
  6399 | D:5      | Reached skill level 5 in Unarmed Combat
  6673 | D:5      | Got a sparkling amber ring
  7147 | D:5      | Identified the ring "Nots" {*Drain +Fly rF+ SInv} (You
                  | found it on level 5 of the Dungeon)
  7188 | D:5      | Reached skill level 5 in Transmutations
  7437 | D:5      | Found a sparkling altar of Nemelex Xobeh.
  7728 | D:6      | Noticed Duvessa
  7729 | D:6      | Noticed Dowan
  7742 | D:6      | Killed Dowan
  7743 | D:6      | Reached XP level 8. HP: 19/66 MP: 10/13
  7743 | D:6      | Killed Duvessa
  8289 | D:6      | Reached skill level 1 in Ice Magic
  8886 | D:6      | Found a sacrificial altar of Ru.
  9417 | D:6      | Noticed Jessica
  9425 | D:6      | Killed Jessica
  9427 | D:6      | Found a shimmering blue altar of Sif Muna.
  9528 | D:6      | Found Zakutess's Armour Shoppe.
  9583 | D:6      | Noticed Edmund
  9589 | D:6      | Reached XP level 9. HP: 72/72 MP: 15/15
  9601 | D:6      | Killed Edmund
 10564 | D:6      | Became a worshipper of Ru the Awakened
 11090 | D:7      | Found a basalt altar of Yredelemnul.
 11125 | D:7      | Noticed Joseph
 11140 | D:7      | Killed Joseph
 11141 | D:7      | Reached skill level 5 in Fighting
 11791 | D:7      | Found a burning altar of Makhleb.
 12217 | D:7      | Found a white marble altar of Elyvilon.
 12504 | D:8      | Gained mutation: You cannot be stealthy. [Ru sacrifice]
 12737 | D:8      | Noticed Prince Ribbit
 12746 | D:8      | Killed Prince Ribbit
 12747 | D:8      | Reached XP level 10. HP: 52/82 MP: 13/17
 12924 | D:8      | Found a shadowy altar of Dithmenos.
 13035 | D:8      | Reached skill level 5 in Dodging
 13165 | D:8      | Noticed a two-headed ogre
 13193 | D:8      | Killed a two-headed ogre
 13194 | D:8      | Reached skill level 5 in Spellcasting
 14482 | D:9      | Found a glowing silver altar of Zin.
 15034 | D:9      | Found a stormy altar of Qazlal.
 15144 | D:10     | Entered Level 10 of the Dungeon
 15146 | D:10     | Noticed Snorg
 15487 | D:9      | Learned a level 5 spell: Blade Hands
 15517 | D:10     | Killed Snorg
 15692 | D:10     | Reached XP level 11. HP: 91/91 MP: 15/19
 15734 | D:10     | Found a staircase to the Orcish Mines.
 15750 | D:10     | Noticed Grum
 15779 | D:10     | Killed Grum
 16109 | D:10     | Noticed an oklob plant
 16112 | D:10     | Found a staircase to the Lair.
 16112 | D:10     | Noticed an unseen horror
 16121 | D:10     | Killed an unseen horror
 16874 | D:10     | Killed an oklob plant
 17042 | D:10     | Got a smoking marble ring
 17059 | D:10     | Found an iron altar of Okawaru.
 17172 | D:10     | Noticed a two-headed ogre
 17178 | D:10     | Killed a two-headed ogre
 17445 | D:10     | Upgraded the game from 0.27-a0-346-ga689d4a613 to
                  | 0.27-a0-364-g31b3477d74
 17529 | D:11     | Found a frozen archway.
 17567 | IceCv    | Entered an ice cave
 17667 | IceCv    | Noticed a white ugly thing
 17674 | IceCv    | Killed a white ugly thing
 18147 | IceCv    | Reached skill level 10 in Unarmed Combat
 18461 | IceCv    | Identified the ring of Xumus {rC++ rN+ MP+9 Dex+3 Slay-4}
                  | (You found it on level 10 of the Dungeon)
 18635 | IceCv    | Noticed a white ugly thing
 18766 | IceCv    | Killed a white ugly thing
 18772 | IceCv    | Found the brooch of Shielding {Spirit SH+8}
 18995 | D:11     | You fall into a shaft and drop 2 floors!
 19033 | D:13     | Noticed a vault guard
 19033 | D:13     | Noticed a vault guard
 19034 | D:13     | Found a gate to the Vaults.
 19034 | D:13     | Noticed a vault guard
 19034 | D:13     | Noticed a vault guard
 19034 | D:13     | Noticed a vault guard
 19035 | D:13     | Noticed a vault guard
 19035 | D:13     | Noticed a vault guard
 19035 | D:13     | Noticed a vault guard
 19047 | D:13     | Killed a vault guard
 19048 | D:13     | Reached skill level 10 in Transmutations
 19705 | D:13     | Noticed a centaur warrior
 19711 | D:13     | Killed a centaur warrior
 19890 | D:13     | Killed a vault guard
 19891 | D:13     | Reached XP level 12. HP: 96/101 MP: 20/22
 19919 | D:13     | Killed a vault guard
 20116 | D:13     | Killed a vault guard
 20122 | D:13     | Killed a vault guard
 20549 | D:13     | Killed a vault guard
 21066 | D:13     | Killed a vault guard
 21185 | D:13     | Killed a vault guard
 21313 | D:13     | Found a large runed translucent door.
 21645 | D:13     | Found a large runed translucent door.
 21648 | D:13     | Noticed Huifron's ghost (journeyman GnTm)
 21687 | D:12     | Noticed a boulder beetle
 21688 | D:12     | Noticed a two-headed ogre
 21717 | D:12     | Mangled by a two-headed ogre

Illustrated notes

Levels and vault maps discovered:
D:1:      amcnicky_arrival_choice, layout_rooms, serial_forest,
          infiniplex_forest_end_1, infiniplex_forest_clump_curved,
          infiniplex_forest_lined_2, infiniplex_forest_clump_large,
          infiniplex_forest_side_room, infiniplex_forest_end_2,
          infiniplex_forest_clump_tiny, hangedman_decor_points
D:2:      layout_loops_cross, grunt_temple_overflow_open,
          chequers_ecumenical_altar_simple_redux, chequers_big_river
D:3:      layout_rooms, nicolae_overflow_crystal_walls
D:4:      layout_layer_cave, lemuel_round_altar, minmay_temple_entry_slanted
D:5:      layout_basic, kennysheep_little_box, hangedman_decor_riveting
D:6:      layout_loops_ring, tgw_sif, nicolae_ru_the_path_less_chosen,
          serial_shops, shop, uniq_duvessa, uniq_edmund
D:7:      layout_basic, makhleb_heckhound_becter, lemuel_coloured_pillars_altar,
          lemuel_zombie_altar_yredelemnul, uniq_joseph
D:8:      layout_loops_ring, general_overflow_altar, minmay_misc_feat_rows,
          onia_ninara_dug_in_and_dangerous, uniq_prince_ribbit1
D:9:      layout_basic, kennysheep_mini, overflow_temple_1_default
D:10:     layout_rooms, dpeg_oklobed_lair, orc_0_dummy,
          okawaru_ov_weapons_minmay, uniq_grum, uniq_snorg
D:11:     layout_gridville, enter_bailey_3, portal_ice_cave_entry_imps
D:12:     layout_loops_ring, minmay_guarded_unrand_skullcrusher
D:13:     layout_loops_ring, erik_vaults_2, ebering_ghost_disaster_area
Temple:   nicolae_temple_figure_zero

Skill      XL: |  1  2  3  4  5  6  7  8  9 10 11 12 |
---------------+-------------------------------------+-----
Dodging        | 2 3 4 5 6 7 |  7.7
Fighting       | 2 3 4 5 6 8 9 |  9.0
Poison Magic   | 1 2 |  2.0
Unarmed Combat | 4 5 6 7 9 10 11 | 11.7
Transmutations | 3 4 5 6 7 8 10 11 | 11.4
Spellcasting   | 3 4 5 6 7 |  7.6
Ice Magic      | 2 4 |  4.0

Action                   |  1- 3 |  4- 6 |  7- 9 | 10-12 || total
-------------------------+-------+-------+-------+-------++-------
Melee: Unarmed           |    86 |   205 |   436 |   405 ||  1132
       Kick              |    11 |    11 |     4 |     1 ||    27
       Tailslap          |     8 |     6 |     9 |    17 ||    40
       Headbutt          |     7 |     6 |     1 |     2 ||    16
       Punch             |     1 |     2 |     3 |     8 ||    14
 Cast: Beastly Appendage |    17 |    17 |     2 |     1 ||    37
       Spider Form       |     2 |    14 |    24 |       ||    40
       Ice Form          |       |       |    19 |    39 ||    58
       Blade Hands       |       |       |       |    16 ||    16
Invok: Sacrifice Stealth |       |       |     1 |       ||     1
       Reject Sacrifices |       |       |       |     1 ||     1
 Abil: Breathe Fire      |       |       |     3 |    37 ||    40
       End Transformatio |       |       |       |     5 ||     5
Evoke: Wand              |       |       |       |     2 ||     2
  Use: Scroll            |     3 |     8 |     8 |     5 ||    24
       Potion            |       |       |     2 |       ||     2
 Stab: Distracted        |       |       |     1 |       ||     1
Armor: Skin              |    16 |    52 |    68 |    89 ||   225
Dodge: Dodged            |    50 |   152 |   328 |   281 ||   811

Table legend: (Time is in decaauts)
 A = Elapsed time spent in this place.
 B = Non-inter-level travel time spent in this place.
 C = Inter-level travel time spent in this place.
 D = Time resting spent in this place.
 E = Time spent auto-exploring this place.
 F = Levels seen in this place.
 G = Mean time per level.
                   A        B        C        D        E       F      G
               +--------+--------+--------+--------+--------+-----+--------+
         Total |  21599 |  20826 |    773 |   4262 |  13630 |  15 | 1439.9 |
       Dungeon |  20112 |  19349 |    763 |   3237 |  13465 |  13 | 1547.1 |
        Temple |    123 |    113 |     10 |      0 |    113 |   1 |  123.0 |
      Ice Cave |   1364 |   1364 |      0 |   1025 |     52 |   1 | 1364.0 |
               +--------+--------+--------+--------+--------+-----+--------+

Top non-repeatable levels by time:
     D:6: 2510 daAuts
    D:13: 2462 daAuts
     D:1: 2168 daAuts
    D:10: 2008 daAuts
     D:5: 1813 daAuts
     D:7: 1794 daAuts
     D:2: 1757 daAuts
     D:9: 1731 daAuts
     D:4: 1507 daAuts
     D:8: 1398 daAuts
   IceCv: 1364 daAuts
     D:3: 572 daAuts
    D:12: 230 daAuts
    D:11: 154 daAuts
  Temple: 123 daAuts
